| TOP OF THE 1ST |
|
Mississippi Braves batting - Pitching for Pensacola Blue Wahoos : LHP Jason St. Clair
|
|
Pitching: LHP Jason St. Clair
|
|
|
Batting: RHB Hieronim Rutkowski
|
0-0: SINGLE (Groundball, 6MD, EV 95.0 MPH)
|
|
Batting: RHB Eddie McCoy
|
0-0: Called Strike 0-1: Called Strike 0-2: Ball 1-2: Strikes out looking
|
|
Batting: LHB Art D'Ascenzo
|
0-0: Called Strike 0-1: Ball 1-1: Ball 2-1: Called Strike 2-2: Ball 3-2: Foul Ball, location: 2F 3-2: Fielders Choice at 2nd, 3-6 (Groundball, 34S, EV 83.1 MPH)
|
|
Batting: RHB Luis Restrepo
|
Pickoff Throw to First - Out! 1-3
|
| Top of the 1st over - 0 runs, 1 hit, 0 errors, 0 left on base; Mississippi 0 - Pensacola 0 |
| BOTTOM OF THE 1ST |
|
Pensacola Blue Wahoos batting - Pitching for Mississippi Braves : LHP Carlos Salcido
|
|
Pitching: LHP Carlos Salcido
|
|
|
Batting: RHB Solange Le Coq
|
0-0: Foul Ball, location: 2F 0-1: Called Strike 0-2: Ball 1-2: Foul Ball, location: 2F 1-2: Hit by Pitch
|
|
Batting: RHB Tim Persson
|
0-0: Called Strike Solange Le Coq steals 2nd base 0-1: Swinging Strike 0-2: DOUBLE (Line Drive, 89D, EV 105.6 MPH) Solange Le Coq scores
|
|
Batting: RHB Randy Grewe
|
0-0: Ball 1-0: Called Strike 1-1: Ball 2-1: Ball 3-1: Swinging Strike 3-2: Foul Ball, location: 2F 3-2: Foul Ball, location: 2F 3-2: Foul Ball, location: 2F 3-2: Fly out, F9 (Flyball, 9D, EV 88.1 MPH) Runner from 2nd tags up, SAFE at 3rd, no throw by RF
|
|
Batting: RHB Mark Williams
|
0-0: Foul Ball, location: 2F 0-1: Called Strike 0-2: Strikes out swinging
|
|
Batting: RHB Dinand Brouwer
|
0-0: Ball 1-0: Called Strike 1-1: Swinging Strike 1-2: Ball 2-2: Ball 3-2: Ground out 5-3 (Groundball, 5L, EV 97.5 MPH)
|
| Bottom of the 1st over - 1 run, 1 hit, 0 errors, 1 left on base; Mississippi 0 - Pensacola 1 |
| TOP OF THE 2ND |
|
Mississippi Braves batting - Pitching for Pensacola Blue Wahoos : LHP Jason St. Clair
|
|
Batting: RHB Luis Restrepo
|
0-0: Foul Ball, location: 2F 0-1: Ball 1-1: Ball 2-1: Ground out U3 (Groundball, 34, EV 107.5 MPH)
|
|
Batting: LHB Sal Fernandez
|
0-0: Ball 1-0: DOUBLE (Flyball, 78D, EV 96.2 MPH)
|
|
Batting: SHB Jose Melendez
|
0-0: Ball 1-0: Ball 2-0: Called Strike 2-1: Swinging Strike 2-2: Fly out, F8 (Flyball, 78D, EV 83.1 MPH)
|
|
Batting: LHB Oke Monti
|
0-0: Ball 1-0: Ball 2-0: Ball 3-0: Base on Balls
|
|
Batting: RHB Elias Vences
|
0-0: Ball 1-0: Called Strike 1-1: Foul Ball, location: 2F 1-2: Ball 2-2: Foul Ball, location: 2F 2-2: Foul Ball, location: 2F 2-2: Foul Ball, location: 2F 2-2: Strikes out swinging
|
| Top of the 2nd over - 0 runs, 1 hit, 0 errors, 2 left on base; Mississippi 0 - Pensacola 1 |
| BOTTOM OF THE 2ND |
|
Pensacola Blue Wahoos batting - Pitching for Mississippi Braves : LHP Carlos Salcido
|
|
Batting: RHB Armando Moz
|
0-0: Called Strike 0-1: Called Strike 0-2: Fly out, F5 (Popup, 5SF, EV 72.5 MPH)
|
|
Batting: LHB John Wagner
|
0-0: Ball 1-0: Swinging Strike 1-1: Called Strike 1-2: Foul Ball, location: 2F 1-2: Ball 2-2: Ball 3-2: Ground out 4-3 (Groundball, 4, EV 104.4 MPH)
|
|
Batting: LHB Ralph Braine
|
0-0: Called Strike 0-1: Ground out 5-3 (Groundball, 56, EV 101.9 MPH)
|
| Bottom of the 2nd over - 0 runs, 0 hits, 0 errors, 0 left on base; Mississippi 0 - Pensacola 1 |
| TOP OF THE 3RD |
|
Mississippi Braves batting - Pitching for Pensacola Blue Wahoos : LHP Jason St. Clair
|
|
Batting: RHB Gerard Michel
|
0-0: Called Strike 0-1: Foul Ball, location: 2F 0-2: Foul Ball, location: 2F 0-2: Ball 1-2: Strikes out swinging
|
|
Batting: RHB Hieronim Rutkowski
|
0-0: Ball 1-0: Foul Ball, location: 2F 1-1: Foul Ball, location: 2F 1-2: Ball 2-2: Strikes out swinging
|
|
Batting: RHB Eddie McCoy
|
0-0: Ball 1-0: Foul Ball, location: 2F 1-1: Ball 2-1: Foul Ball, location: 2F 2-2: Strikes out swinging
|
| Top of the 3rd over - 0 runs, 0 hits, 0 errors, 0 left on base; Mississippi 0 - Pensacola 1 |
| BOTTOM OF THE 3RD |
|
Pensacola Blue Wahoos batting - Pitching for Mississippi Braves : LHP Carlos Salcido
|
|
Batting: RHB Gabe Ochoa
|
0-0: DOUBLE (Line Drive, 89M, EV 98.1 MPH)
|
|
Batting: RHB Solange Le Coq
|
0-0: Swinging Strike 0-1: Ball 1-1: SINGLE (Flyball, 34D, EV 88.1 MPH) Gabe Ochoa to third
|
|
Batting: RHB Tim Persson
|
0-0: Called Strike Solange Le Coq steals 2nd base 0-1: Foul Ball, location: 2F 0-2: Ball 1-2: Fly out, F8 (Flyball, 8RS, EV 98.1 MPH)
|
|
Batting: RHB Randy Grewe
|
0-0: Called Strike 0-1: Called Strike 0-2: Foul Ball, location: 2F 0-2: Foul Ball, location: 2F 0-2: Fly out, F5 (Line Drive, 5L, EV 69.4 MPH)
|
|
Batting: RHB Mark Williams
|
0-0: Called Strike 0-1: Swinging Strike 0-2: Strikes out swinging
|
| Bottom of the 3rd over - 0 runs, 2 hits, 0 errors, 2 left on base; Mississippi 0 - Pensacola 1 |
| TOP OF THE 4TH |
|
Mississippi Braves batting - Pitching for Pensacola Blue Wahoos : LHP Jason St. Clair
|
|
Batting: LHB Art D'Ascenzo
|
0-0: Ball 1-0: Swinging Strike 1-1: Ball 2-1: Foul Ball, location: 2F 2-2: Strikes out swinging
|
|
Batting: RHB Luis Restrepo
|
0-0: Foul Ball, location: 2F 0-1: Called Strike 0-2: Ball 1-2: Ground out 4-3 (Groundball, 34, EV 98.8 MPH)
|
|
Batting: LHB Sal Fernandez
|
0-0: Ball 1-0: Ground out 6-3 (Groundball, P, EV 87.5 MPH)
|
| Top of the 4th over - 0 runs, 0 hits, 0 errors, 0 left on base; Mississippi 0 - Pensacola 1 |
| BOTTOM OF THE 4TH |
|
Pensacola Blue Wahoos batting - Pitching for Mississippi Braves : LHP Carlos Salcido
|
|
Batting: RHB Dinand Brouwer
|
0-0: Called Strike 0-1: Ball 1-1: Swinging Strike 1-2: Strikes out looking
|
|
Batting: RHB Armando Moz
|
0-0: Ball 1-0: Ground out 5-3 (Groundball, 56, EV 86.9 MPH)
|
|
Batting: LHB John Wagner
|
0-0: Ground out 4-3 (Groundball, 4, EV 86.2 MPH)
|
| Bottom of the 4th over - 0 runs, 0 hits, 0 errors, 0 left on base; Mississippi 0 - Pensacola 1 |
| TOP OF THE 5TH |
|
Mississippi Braves batting - Pitching for Pensacola Blue Wahoos : LHP Jason St. Clair
|
|
Batting: SHB Jose Melendez
|
0-0: Ball 1-0: Ball 2-0: Foul Ball, location: 2F 2-1: Foul Ball, location: 2F 2-2: Foul Ball, location: 2F 2-2: Strikes out looking
|
|
Batting: LHB Oke Monti
|
0-0: Called Strike 0-1: SINGLE (Groundball, 56D, EV 106.2 MPH)
|
|
Batting: RHB Elias Vences
|
0-0: Called Strike 0-1: Ball 1-1: Swinging Strike 1-2: Ball 2-2: Foul Ball, location: 2F 2-2: Ball 3-2: Strikes out swinging
|
|
Batting: RHB Gerard Michel
|
0-0: Called Strike 0-1: Ball 1-1: Called Strike 1-2: Ball 2-2: Ground out 5-3 (Groundball, 56, EV 106.2 MPH)
|
| Top of the 5th over - 0 runs, 1 hit, 0 errors, 1 left on base; Mississippi 0 - Pensacola 1 |
| BOTTOM OF THE 5TH |
|
Pensacola Blue Wahoos batting - Pitching for Mississippi Braves : LHP Carlos Salcido
|
|
Batting: LHB Ralph Braine
|
0-0: Foul Ball, location: 2F 0-1: Ball 1-1: Ball 2-1: Called Strike 2-2: Ball 3-2: Strikes out swinging
|
|
Batting: RHB Gabe Ochoa
|
0-0: Ball 1-0: Called Strike 1-1: Called Strike 1-2: Strikes out swinging
|
|
Batting: RHB Solange Le Coq
|
0-0: Ball 1-0: Fly out, F7 (Flyball, 7D, EV 101.2 MPH)
|
| Bottom of the 5th over - 0 runs, 0 hits, 0 errors, 0 left on base; Mississippi 0 - Pensacola 1 |
| TOP OF THE 6TH |
|
Mississippi Braves batting - Pitching for Pensacola Blue Wahoos : LHP Jason St. Clair
|
|
Batting: RHB Hieronim Rutkowski
|
0-0: Called Strike 0-1: Foul Ball, location: 2F 0-2: Ball 1-2: Fly out, F8 (Flyball, 8LXD, EV 91.9 MPH)
|
|
Batting: RHB Eddie McCoy
|
0-0: Ball 1-0: Foul Ball, location: 2F 1-1: Ball 2-1: Swinging Strike 2-2: Strikes out swinging, 2-3 out at first.
|
|
Batting: LHB Art D'Ascenzo
|
0-0: Called Strike 0-1: Called Strike 0-2: SOLO HOME RUN (Flyball, 89XD, EV 100.6 MPH), Distance : 414 ft
|
|
Batting: RHB Luis Restrepo
|
0-0: Called Strike 0-1: Ball 1-1: Ball 2-1: Swinging Strike 2-2: Ball 3-2: Strikes out swinging
|
| Top of the 6th over - 1 run, 1 hit, 0 errors, 0 left on base; Mississippi 1 - Pensacola 1 |
| BOTTOM OF THE 6TH |
|
Pensacola Blue Wahoos batting - Pitching for Mississippi Braves : LHP Carlos Salcido
|
|
Batting: RHB Tim Persson
|
0-0: Called Strike 0-1: Ball 1-1: Called Strike 1-2: Fly out, F5 (Popup, 5L, EV 61.2 MPH)
|
|
Batting: RHB Randy Grewe
|
0-0: Called Strike 0-1: SINGLE (Flyball, 8LS, EV 95.0 MPH)
|
|
Batting: RHB Mark Williams
|
0-0: Grounds into double play, 4-6-3 (Groundball, 34, EV 106.2 MPH)
|
| Bottom of the 6th over - 0 runs, 1 hit, 0 errors, 0 left on base; Mississippi 1 - Pensacola 1 |
| TOP OF THE 7TH |
|
Mississippi Braves batting - Pitching for Pensacola Blue Wahoos : LHP Jason St. Clair
|
|
Batting: LHB Sal Fernandez
|
0-0: Called Strike 0-1: Called Strike 0-2: Foul Ball, location: 2F 0-2: Ball 1-2: Ball 2-2: Ball 3-2: SINGLE (Flyball, 6MD, EV 88.1 MPH)
|
|
Pitching: LHP Suk-jin Sok
|
|
|
Batting: SHB Jose Melendez
|
0-0: Called Strike 0-1: Called Strike 0-2: Foul Ball, location: 2F 0-2: Ball 1-2: DOUBLE (Line Drive, 78M, EV 93.8 MPH) Sal Fernandez to third Sal Fernandez scores
|
|
Batting: LHB Oke Monti
|
0-0: Called Strike 0-1: Called Strike 0-2: Ball 1-2: Ground out 6-3 (Groundball, 6M, EV 101.2 MPH) Jose Melendez to third
|
|
Batting: RHB Elias Vences
|
0-0: Ground out 1-3 (Groundball, 15S, EV 73.8 MPH)
|
|
Batting: RHB Gerard Michel
|
0-0: Ground out 6-3 (Groundball, 6, EV 107.5 MPH)
|
| Top of the 7th over - 1 run, 2 hits, 0 errors, 1 left on base; Mississippi 2 - Pensacola 1 |
| BOTTOM OF THE 7TH |
|
Pensacola Blue Wahoos batting - Pitching for Mississippi Braves : LHP Carlos Salcido
|
|
Batting: RHB Dinand Brouwer
|
0-0: Called Strike 0-1: Fly out, F9 (Flyball, 9D, EV 105.6 MPH)
|
|
Batting: RHB Armando Moz
|
0-0: Ball 1-0: Ball 2-0: Called Strike 2-1: SINGLE (Groundball, 6D, EV 100.6 MPH)
|
|
Pinch Hitting: RHB Kevin Wick
|
0-0: Ball 1-0: Foul Ball, location: 2F 1-1: Fielders Choice at 2nd, 6-4 (Groundball, 6S, EV 92.5 MPH)
|
|
Pitching: RHP Nate Bixler
|
|
|
Batting: LHB Ralph Braine
|
0-0: Fly out, F9 (Flyball, 9, EV 86.9 MPH)
|
| Bottom of the 7th over - 0 runs, 1 hit, 0 errors, 1 left on base; Mississippi 2 - Pensacola 1 |
| TOP OF THE 8TH |
|
Mississippi Braves batting - Pitching for Pensacola Blue Wahoos : LHP Suk-jin Sok
|
|
Now at 2B: Kevin Wick
|
|
|
Now in LF: Mark Williams
|
|
|
Batting: RHB Hieronim Rutkowski
|
0-0: Called Strike 0-1: Foul Ball, location: 2F 0-2: Ball 1-2: Ball 2-2: Ball 3-2: Ground out 6-3 (Groundball, 6, EV 85.0 MPH)
|
|
Batting: RHB Eddie McCoy
|
0-0: Called Strike 0-1: Swinging Strike 0-2: Ball 1-2: Ball 2-2: Ball 3-2: Base on Balls
|
|
Batting: LHB Art D'Ascenzo
|
0-0: Ground out 6-3 (Groundball, P, EV 85.6 MPH) Eddie McCoy to second
|
|
Batting: RHB Luis Restrepo
|
0-0: Called Strike 0-1: Swinging Strike 0-2: Ball 1-2: DOUBLE (Line Drive, 7D, EV 88.8 MPH) Eddie McCoy scores
|
|
Batting: LHB Sal Fernandez
|
0-0: Ball 1-0: Ball 2-0: Ball 3-0: Base on Balls
|
|
Pitching: LHP Keith Egan
|
|
|
Batting: SHB Jose Melendez
|
0-0: Called Strike 0-1: 3-RUN HOME RUN (Flyball, 7D, EV 93.8 MPH), Distance : 373 ft
|
|
Batting: LHB Oke Monti
|
0-0: Ball 1-0: Ball 2-0: Ball 3-0: Base on Balls
|
|
Batting: RHB Elias Vences
|
0-0: Ball 1-0: Ball 2-0: Fielders Choice at 2nd, 6-4 (Groundball, 6, EV 80.0 MPH)
|
| Top of the 8th over - 4 runs, 2 hits, 0 errors, 1 left on base; Mississippi 6 - Pensacola 1 |
| BOTTOM OF THE 8TH |
|
Pensacola Blue Wahoos batting - Pitching for Mississippi Braves : RHP Nate Bixler
|
|
Pinch Hitting: LHB Jamie Spangenberg
|
0-0: Ball 1-0: Reached via error on a dropped throw from 1B, E1 (Groundball, 3D, EV 100.6 MPH)
|
|
Batting: RHB Solange Le Coq
|
0-0: Ball 1-0: Hit by Pitch Jamie Spangenberg to second
|
|
Pinch Hitting: LHB Jorge Zarazua
|
0-0: Foul Ball, location: 2F 0-1: Fly out, F8 (Flyball, 89D, EV 79.4 MPH) Runner from 2nd tags up, SAFE at 3rd with throw by CF
|
|
Batting: RHB Randy Grewe
|
0-0: Ball 1-0: Called Strike 1-1: Ball 2-1: Ball 3-1: Foul Ball, location: 2F 3-2: Strikes out swinging
|
|
Pinch Hitting: LHB Matthew Berry
|
0-0: Ball 1-0: Called Strike 1-1: Ball 2-1: Ground out 4-3 (Groundball, 34, EV 100.6 MPH)
|
| Bottom of the 8th over - 0 runs, 0 hits, 1 error, 2 left on base; Mississippi 6 - Pensacola 1 |
| TOP OF THE 9TH |
|
Mississippi Braves batting - Pitching for Pensacola Blue Wahoos : LHP Keith Egan
|
|
Now at 1B: Jorge Zarazua
|
|
|
Now at SS: Brandon Sarni
|
|
|
Now in LF: Jamie Spangenberg
|
|
|
Batting: RHB Gerard Michel
|
0-0: Ball 1-0: Swinging Strike 1-1: Ball 2-1: Ball 3-1: Called Strike 3-2: Base on Balls
|
|
Batting: RHB Hieronim Rutkowski
|
0-0: Called Strike 0-1: Ball 1-1: Ball 2-1: Ball 3-1: Base on Balls Gerard Michel to second
|
|
Batting: RHB Eddie McCoy
|
0-0: Ball 1-0: Ball 2-0: Ball 3-0: Called Strike 3-1: Base on Balls Gerard Michel to third Hieronim Rutkowski to second
|
|
Pitching: RHP Damian Molina
|
|
|
Batting: LHB Art D'Ascenzo
|
0-0: Ball 1-0: Foul Ball, location: 2F 1-1: Ball 2-1: Foul Ball, location: 2F 2-2: Ball 3-2: Base on Balls Gerard Michel scores Hieronim Rutkowski to third Eddie McCoy to second
|
|
Batting: RHB Luis Restrepo
|
0-0: Ball 1-0: Fielders Choice at 2nd, 6-4 (Groundball, 6, EV 106.2 MPH) Hieronim Rutkowski scores Eddie McCoy to third
|
|
Batting: LHB Sal Fernandez
|
0-0: Called Strike Luis Restrepo steals 2nd base 0-1: Ground out 3-1 (Groundball, 34S, EV 87.5 MPH) Eddie McCoy scores Luis Restrepo to third
|
|
Batting: SHB Jose Melendez
|
0-0: Called Strike 0-1: SINGLE (Line Drive, 89M, EV 101.2 MPH) Luis Restrepo scores
|
|
Batting: LHB Oke Monti
|
0-0: Ball 1-0: Ball 2-0: Ball 3-0: Called Strike 3-1: Base on Balls Jose Melendez to second
|
|
Batting: RHB Elias Vences
|
0-0: Ball 1-0: SINGLE (Groundball, 56, EV 102.5 MPH) (infield hit) Jose Melendez to third Oke Monti to second
|
|
Batting: RHB Gerard Michel
|
0-0: Fielders Choice at 2nd, 5-4 (Groundball, 56, EV 78.1 MPH)
|
| Top of the 9th over - 4 runs, 2 hits, 0 errors, 3 left on base; Mississippi 10 - Pensacola 1 |
| BOTTOM OF THE 9TH |
|
Pensacola Blue Wahoos batting - Pitching for Mississippi Braves : RHP Nate Bixler
|
|
Pinch Hitting: RHB Drew Forbess
|
0-0: Ball 1-0: Swinging Strike 1-1: Ball 2-1: Swinging Strike 2-2: Ball 3-2: Foul Ball, location: 2F 3-2: SINGLE (Groundball, 6MD, EV 107.5 MPH)
|
|
Pitching: RHP Chris Hawkins
|
|
|
Batting: RHB Armando Moz
|
0-0: Grounds into double play, 6-4-3 (Groundball, 6, EV 100.6 MPH)
|
|
Pinch Hitting: RHB Jim Towle
|
0-0: Ball 1-0: Ball 2-0: Ball 3-0: Swinging Strike 3-1: Swinging Strike 3-2: Strikes out swinging
|
| Bottom of the 9th over - 0 runs, 1 hit, 0 errors, 0 left on base; Mississippi 10 - Pensacola 1 |
|